[Event "Late-Titled-Tuesday-Blitz-February-27-2024"]
[Site "Chess.com"]
[Date "2024.02.27"]
[Round "8"]
[White "N_Mullodzhanov"]
[Black "bazar-wokzal"]
[Result "0-1"]
[WhiteElo "2453"]
[BlackElo "2615"]
[TimeControl "180+1"]
[EndTime "15:28:19 PST"]
[Termination "bazar-wokzal won by checkmate"]

1. e4 Nc6 2. d4 d5 3. e5 h5 4. c3 Bg4 5. Be2 Qd7 6. Nd2 O-O-O 7. a4 f6 8. f4 g5 9. g3 Nh6 10. Nb3 gxf4 11. gxf4 fxe5 12. fxe5 e6 13. Bxh6 Rxh6 14. Bxg4 hxg4 15. Qxg4 Qh7 16. O-O-O Rg6 17. Qe2 Bh6+ 18. Nd2 Na5 19. Nf3 Nb3+ 20. Kc2 Rg2+ 21. Qd3 Qxd3+ 22. Kxd3 Nxd2 23. Nxd2 Rf8 24. Rhg1 Rxh2 25. Kc2 Rff2 26. Rg6 Rxd2+ 27. Rxd2 Rxd2+ 28. Kb3 Be3 29. Rxe6 Re2 30. Rg6 Bc1 31. c4 Rxb2+ 32. Kc3 dxc4 33. Kxc4 Re2 34.
Kd5 c6+ 35. Ke6 Re4 36. d5 cxd5 37. Kxd5 Rxa4 38. Kd6 Ba3+ 39. Kd5 Ra5+ 40. Ke4 Kc7 41. e6 Be7 42. Kd4 Kd6 43. Kc4 Rc5+ 44. Kb4 a5+ 45.
Kb3 Re5 46. Ka4 Rxe6 47. Rg2 b6 48. Rd2+ Kc6 49. Rc2+ Bc5 50. Rb2 Re3 51. Rxb6+ Kd5 52. Ra6 Ra3+ 53. Kb5 Bb4 54. Rh6 Ra1 55. Rh5+ Kd4 56.
Rh4+ Kc3 57. Rh3+ Kc2 58. Rh2+ Kb3 59. Rh4 Bc3 60. Kc5 a4 61. Rh5 a3 62. Rh7 Bb4+ 63.
Kb5 a2 64. Rh3+ Bc3 65. Rh4 Rb1 66. Re4 a1=Q 67. Kc5 Qa5+ 68. Kd6 Rd1+ 69. Ke6 Qd5+ 70. Ke7 Qxe4+ 71. Kf7 Rf1+ 72. Kg8 Qg2+ 73. Kh7 Rh1# 0-1

[Event "Late-Titled-Tuesday-Blitz-February-27-2024"]
[Site "Chess.com"]
[Date "2024.02.27"]
[Round "8"]
[White "AryanTari"]
[Black "FabianoCaruana"]
[Result "1/2-1/2"]
[WhiteElo "2937"]
[BlackElo "3050"]
[TimeControl "180+1"]
[EndTime "15:28:20 PST"]
[Termination "Game drawn by repetition"]

1. e4 c5 2. Nf3 Nc6 3. Bb5 g6 4. O-O Bg7 5. c3 Nf6 6. Re1 O-O 7. d4 d5 8. e5 Ne4 9. Be3 cxd4 10. cxd4 Qb6 11. Bxc6 bxc6 12. Qc1 a5 13. Nc3 Nxc3 14. Qxc3 a4 15. Nd2 Bf5 16. b4 a3 17. Nb3 Qb5 18. Rac1 Bd3 19. Na5 Rfc8 20. Qxa3 Bc4 21. Rc2 c5 22.
dxc5 Bxe5 23. Qc1 Bd3 24. Rd2 Qxb4 25. Rxd3 Qxa5 26. Rxd5 Bf6 27. Red1 Qxa2 28. c6 Qb2 29. Qc4 Kg7 30. g3 Rab8 31. c7 Rb7 32. Rc5 Qb6 33.
Qf4 Rbxc7 34. Rcd5 Qb8 35. Qh6+ Kg8 36. h4 Rc6 37. h5 Bg7 38. Qg5 Bf6 39. Qg4 e6 40. Rd7 R6c7 41. Bf4 Rxd7 42. Bxb8 Rxd1+ 43. Qxd1 Rxb8 44. h6 Rf8 45. Qd2 Bh8 46. Kg2 Re8 47. g4 Rf8 48. f4 Re8 49. Kf3 Rf8 50. Qd7 Ra8 51. f5 exf5 52. gxf5 Rf8 53. Kg2 Bf6 54. Qd6 Bg5 55.
fxg6 Bxh6 56. gxh7+ Kxh7 57. Qd3+ f5 58. Qd7+ Kg6 59.
Qd6+ Rf6 60. Qd5 Bg7 61. Qg8 Rf8 62. Qc4 Rf6 63. Kf3 Rf8 64. Kg2 Rf6 65. Kf3 Kh7 66.
Kg2 Rf8 67. Kf3 Rf6 68. Qh4+ Kg6 69. Qc4 1/2-1/2

[Event "Late-Titled-Tuesday-Blitz-February-27-2024"]
[Site "Chess.com"]
[Date "2024.02.27"]
[Round "8"]
[White "nindjaxx8"]
[Black "AlexeiShirov"]
[Result "1-0"]
[WhiteElo "2701"]
[BlackElo "2843"]
[TimeControl "180+1"]
[EndTime "15:28:20 PST"]
[Termination "nindjaxx8 won by resignation"]

1. d4 d5 2. c4 c6 3. Nc3 Nf6 4. cxd5 cxd5 5. Bf4 Nc6 6. e3 Bg4 7. Nf3 e6 8. Bd3 Bd6 9. Bg3 O-O 10. O-O e5 11. dxe5 Nxe5 12. Be2 Nxf3+ 13. Bxf3 Bxg3 14. hxg3 Bxf3 15. Qxf3 Qb6 16. Nxd5 Nxd5 17. Qxd5 Rfd8 18. Qe5 Rd2 19. b3 h6 20. Rfd1 Rad8 21. Rxd2 Rxd2 22.
Qe8+ Kh7 23. Qxf7 Qb5 24. a4 Qe5 25. Rc1 Qe4 26. Qf3 Qd3 27. g4 b6 28. Rc7 Rd1+ 29.
Kh2 Qd6+ 30. Qf4 Qxf4+ 31. exf4 Rd4 32. Rxa7 Rxf4 33. Rb7 Rf6 34. Kg3 Rd6 35. f3 Kg8 36.
b4 Kf8 37. Ra7 Rd4 38. b5 Rb4 39. Ra6 Kf7 40. Rxb6 Rxa4 41. Rb7+ Kg6 42. Rb6+ Kf7 43. Rc6 Rb4 44. b6 Rb2 45. Rc7+ Kf6 46. b7 g5 47. Rc6+ Kg7 48. Rc7+ Kg6 49. Kh2 h5 50. Kg1 hxg4 51.
fxg4 Kf6 52. Kf1 Ke5 53. Rf7 Ke4 54. Ke1 Kd3 55. Re7 Rb4 56. Kf2 Kd4 57. Rg7 Ke4 58. Rxg5 Kf4 59. Rg7 Rb2+ 60. Ke1 Ke3 61. Kd1 Kd3 62. Kc1 Rb6 63. Rd7+ Ke4 64. Kc2 Kf4 65. Kc3 Kxg4 66. Kc4 Rb1 67. Kc5 1-0

[Event "Late-Titled-Tuesday-Blitz-February-27-2024"]
[Site "Chess.com"]
[Date "2024.02.27"]
[Round "8"]
[White "Beca95"]
[Black "Rud_Makarian"]
[Result "1-0"]
[WhiteElo "2956"]
[BlackElo "3075"]
[TimeControl "180+1"]
[EndTime "15:28:21 PST"]
[Termination "Beca95 won by resignation"]

1. d4 Nf6 2. c4 e6 3. Nc3 d5 4.
Nf3 Be7 5. Bf4 O-O 6. e3 Nbd7 7. g4 c6 8. g5 Ne4 9. h4 Qa5 10. Rc1 b5 11. c5 Nxc3 12. bxc3 b4 13. cxb4 Qxb4+ 14. Qd2 Qa4 15. Qc2 Qa5+ 16. Qc3 Qa4 17. Bd3 Ba6 18. O-O f6 19. gxf6 Rxf6 20. Rb1 Raf8 21. Rb3 Bxd3 22. Qxd3 e5 23. Nxe5 Nxe5 24. Bxe5 Rg6+ 25.
Kh2 Bxh4 26. Ra3 Qb4 27. Rb1 Rxf2+ 28. Kh3 Qc4 29. Qxc4 dxc4 30. Kxh4 Rfg2 31. Kh3 R2g5 32. Rb8+ Kf7 33. Rxa7+ Ke6 34. Re8+ Kf5 35. Rf7+ Ke4 36. Bf4+ Kd3 37. Bxg5 Rxg5 38. Rf1 c3 39. Rb8 c2 40.
Rc1 Kd2 41. Rxc2+ Kxc2 42. Rb6 Kd3 43. Rxc6 Kxe3 44. Rd6 Kf3 45. Kh4 Kf4 46. c6 Rg1 47. Kh3 Rg3+ 48. Kh2 Rc3 49. d5 g5 50. Rf6+ Kg4 51.
Rf7 h5 52. c7 Rc2+ 53. Kg1 Kg3 54. d6 h4 55. Kf1 h3 56. Rh7 g4 57. Ke1 h2 58. Rxh2 Kxh2 59. d7 Rxc7 60. d8=Q Rh7 61. Qd2+ Kh3 62. Qd3+ Kg2 63. Qxh7 1-0

[Event "Late-Titled-Tuesday-Blitz-February-27-2024"]
[Site "Chess.com"]
[Date "2024.02.27"]
[Round "8"]
[White "Unkreativ3"]
[Black "becemix"]
[Result "0-1"]
[WhiteElo "2584"]
[BlackElo "2441"]
[TimeControl "180+1"]
[EndTime "15:28:21 PST"]
[Termination "becemix won by checkmate"]

1. e4 e5 2. Nf3 Nc6 3. Bc4 Bc5 4. O-O Nf6 5. Nc3 d6 6. d3 h6 7. Be3 Bb6 8. Nd5 Nxd5 9. exd5 Ne7 10. Bxb6 axb6 11.
d4 e4 12. Nd2 f5 13. Bb5+ Kf7 14. c4 Rf8 15. Re1 Kg8 16. f3 exf3 17. Nxf3 Ng6 18. Ba4 Qf6 19. Bc2 Bd7 20. a3 Nf4 21. Qd2 g5 22. g3 Nh3+ 23. Kh1 f4 24. Ng1 fxg3 25.
hxg3 Nf2+ 26. Kg2 Ng4 27. Rf1 Qg7 28. Rf3 Rae8 29. Rxf8+ Rxf8 30. Rf1 Re8 31. Rf3 Qe7 32. Bg6 Qe1 33. Qxe1 Rxe1 34. b3 Kg7 35. Bh5 Nf6 36. g4 Bxg4 37. Rxf6 Bxh5 38. Re6 Rxe6 39. dxe6 Bd1 40. b4 Bb3 41. c5 bxc5 42. dxc5 dxc5 43.
e7 Kf7 44. bxc5 Kxe7 45. Ne2 Kf6 46. Kf3 Bd1 47. Ke3 Bxe2 48. Kxe2 Ke5 49. c6 bxc6 50.
Kd3 Kd5 51. Ke3 Kc5 52. Ke4 Kb5 53. Kf5 Ka4 54. Ke4 Kxa3 55. Kd3 h5 56. Kd2 h4 57.
Kc3 h3 58. Kd4 h2 59. Kc5 h1=Q 60. Kd4 Qd5+ 61. Kc3 g4 62. Kc2 g3 63. Kc3 g2 64.
Kc2 g1=Q 65. Kc3 Qc1# 0-1

[Event "Late-Titled-Tuesday-Blitz-February-27-2024"]
[Site "Chess.com"]
[Date "2024.02.27"]
[Round "8"]
[White "VinzentSpitzl"]
[Black "ElHelvetico"]
[Result "1/2-1/2"]
[WhiteElo "2537"]
[BlackElo "2733"]
[TimeControl "180+1"]
[EndTime "15:28:22 PST"]
[Termination "Game drawn by stalemate"]

1. e4 g6 2. d4 Bg7 3. Nc3 c6 4. h3 d5 5. Nf3 dxe4 6. Nxe4 Nf6 7.
Nxf6+ exf6 8. Bc4 O-O 9. O-O Nd7 10. a4 a5 11. c3 Nb6 12. Bb3 Nd5 13. Re1 Re8 14.
Bd2 Be6 15. Bc2 Nb6 16. Bd3 Bc4 17. Qc2 Bxd3 18. Qxd3 Qd5 19. Qc2 Nc4 20. Bf4 Nd6 21.
Nd2 Rxe1+ 22. Rxe1 b5 23. Bxd6 Qxd6 24. Ne4 Qd5 25.
Nc5 Bf8 26. axb5 cxb5 27. Qe2 b4 28. Qe4 Qxe4 29. Nxe4 bxc3 30. bxc3 Kg7 31. c4 Re8 32. Kf1 Bb4 33. Re2 a4 34. Nd2 Rxe2 35. Kxe2 a3 36.
Nb3 Bc3 37. Kd3 Bb2 38. Kc2 Kf8 39. c5 Ke7 40. d5 Kd7 41. Kb1 f5 42. Ka2 g5 43.
Nd2 Bd4 44. Nf3 Bxc5 45. Nxg5 Bxf2 46. Nxf7 Bc5 47. Nh6 f4 48. Nf5 Bd6 49. Nxd6 Kxd6 50. Kxa3 Kxd5 51. Kb3 Ke4 52. Kc4 Ke3 53. Kd5 h5 54.
Ke5 h4 55. Kf5 Kf2 56. Kxf4 Kxg2 57. Ke3 Kxh3 58. Kf3 Kh2 59. Kf2 h3 60. Kf1 Kh1 61.
Kf2 h2 62. Kf1 1/2-1/2

[Event "Late-Titled-Tuesday-Blitz-February-27-2024"]
[Site "Chess.com"]
[Date "2024.02.27"]
[Round "8"]
[White "vi_pranav"]
[Black "ArtemDyachuk"]
[Result "1-0"]
[WhiteElo "3101"]
[BlackElo "2715"]
[TimeControl "180+1"]
[EndTime "15:28:25 PST"]
[Termination "vi_pranav won on time"]

1. d4 d5 2. Nc3 Nf6 3. Bf4 c6 4. e3 Qb6 5. Rb1 Bf5 6. f3 e6 7. g4 Bg6 8. h4 h6 9. Bd3 Bxd3 10. Qxd3 Nbd7 11. Nge2 c5 12. Qb5 a6 13. Qd3 Bd6 14. Bxd6 Qxd6 15. Kf2 O-O-O 16. b4 cxb4 17. Na4 b5 18. Nc5 Nxc5 19. dxc5 Qxc5 20. c3 bxc3 21.
Rhc1 Qd6 22. Kg2 Kd7 23. Rxc3 Rc8 24. a4 Rxc3 25. Nxc3 b4 26. Ne2 Rc8 27. a5 Rc4 28. Rb2 Qe5 29. Rd2 h5 30. Qxc4 hxg4 31. fxg4 Qxe3 32. Qd4 Nxg4 33. Qxe3 Nxe3+ 34. Kf3 Nc4 35. Rd1 b3 36. Nc3 b2 37. Ke2 Nxa5 38. Na4 Kd6 39. Nxb2 g6 40. Ra1 Nb3 41. Rxa6+ Ke5 42. Ke3 Kf5 43. Nd3 e5 44. Rb6 Na5 45. Rb5 Nc4+ 46. Ke2 Ke4 47. Nb4 d4 48. Nd3 f6 49. Rc5 Ne3 50. Rc6 f5 51. Rxg6 f4 52. Nf2+ Kf5 53.
Rg5+ Ke6 54. Nd3 Nc4 55. h5 e4 56. Nxf4+ Kf6 57. Rc5 d3+ 58. Ke1 Ne3 59. h6 1-0

[Event "Late-Titled-Tuesday-Blitz-February-27-2024"]
[Site "Chess.com"]
[Date "2024.02.27"]
[Round "8"]
[White "rasmussvane"]
[Black "Firouzja2003"]
[Result "0-1"]
[WhiteElo "2934"]
[BlackElo "3063"]
[TimeControl "180+1"]
[EndTime "15:28:26 PST"]
[Termination "Firouzja2003 won by resignation"]

1. Nf3 Nf6 2. g3 g6 3. Bg2 Bg7 4. O-O O-O 5. d4 d6 6. Re1 Nbd7 7. e4 e5 8. Nc3 c6 9. a4 Re8 10. h3 Qc7 11. Be3 a5 12. Nd2 Nb6 13. d5 Bd7 14. Ra3 cxd5 15. exd5 Rec8 16. Qe2 Nc4 17. Nxc4 Qxc4 18.
Qd2 Bf5 19. Rb3 Ne4 20. Bxe4 Bxe4 21. Rxb7 Bf3 22. Rb6 Rab8 23. b3 Qc7 24. Nb5 Qd7 25.
Kh2 Rxb6 26. Bxb6 f5 27. c4 f4 28. Qd3 fxg3+ 29. fxg3 Rf8 30. Qe3 Qf5 31. Rf1 Qc2+ 32. Qf2 Qxb3 33. Nxd6 Bxd5 34. Qd2 Be6 35. Rxf8+ Bxf8 36. Be3 Qxa4 37. Ne4 Qc6 38. Nf6+ Kg7 39. Bh6+ Kxf6 40.
Bxf8 Bxc4 41. Qf2+ Ke6 42. Bg7 Qd6 43. Qf6+ Kd5 44.
Qf7+ Kc5 45. Qf2+ Kb5 46. Qb2+ Ka6 47. Qf2 e4 48. Bf8 Qc6 49. Qd4 Bd5 50. g4 Qc2+ 51.
Kg3 Qd3+ 52. Qxd3+ exd3 53. Kf2 Kb5 54. Ke3 Kc4 55. Kd2 Bg2 56. h4 Bf3 57. g5 Be4 58.
Be7 Kb3 59. Bd6 a4 60. Be7 a3 61. Bd6 Kb2 62. Be5+ Kb1 63. Ke3 Bf5 64. Kd2 a2 65.
Ba1 Kxa1 66. Kc1 d2+ 0-1

[Event "Late-Titled-Tuesday-Blitz-February-27-2024"]
[Site "Chess.com"]
[Date "2024.02.27"]
[Round "8"]
[White "Bilan_Danila"]
[Black "Tugrik1969"]
[Result "1-0"]
[WhiteElo "2539"]
[BlackElo "2388"]
[TimeControl "180+1"]
[EndTime "15:28:30 PST"]
[Termination "Bilan_Danila won on time"]

1. d4 d5 2. Nf3 Nf6 3. c4 e6 4.
Nc3 a6 5. cxd5 exd5 6. Bg5 Be6 7. e3 Nbd7 8. Bd3 Bd6 9. Qc2 c6 10. O-O Qc7 11. e4 dxe4 12. Nxe4 Nxe4 13. Bxe4 h6 14. Bh4 O-O 15. Rfe1 Rfe8 16. Rad1 Qa5 17. a3 Qh5 18. Bg3 Bxg3 19. hxg3 Nf6 20. Ne5 Rad8 21. f4 Ng4 22. Nxg4 Bxg4 23. Rc1 Be6 24. Qc5 Qg4 25.
Kf2 h5 26. Bf3 Qg6 27. Bxh5 Qf6 28. Re5 g6 29. Bf3 Kg7 30. Rce1 Rh8 31. b4 Rd7 32. d5 cxd5 33. Bxd5 Bxd5 34. Rxd5 Rxd5 35. Qxd5 Rd8 36. Qe5 Rd2+ 37. Re2 Qxe5 38. fxe5 Rd3 39. Re3 Rd2+ 40. Kf3 Ra2 41. Ke4 b5 42. Kd5 Rc2 43. Kd6 g5 44. g4 Rxg2 45. Kc6 Rxg4 46. Kb6 Rd4 47. Kxa6 Rd5 48. Kb6 Kg6 49. Kc6 Rd1 50. Kxb5 g4 51.
e6 Kf5 52. exf7 Rd5+ 53. Kc4 Rd8 54. Re8 Rc8+ 55. Rxc8 1-0

[Event "Late-Titled-Tuesday-Blitz-February-27-2024"]
[Site "Chess.com"]
[Date "2024.02.27"]
[Round "8"]
[White "Schattman"]
[Black "Felix-Rose"]
[Result "1-0"]
[WhiteElo "2420"]
[BlackElo "2265"]
[TimeControl "180+1"]
[EndTime "15:28:30 PST"]
[Termination "Schattman won by checkmate"]

1. f4 Nf6 2. Nf3 g6 3. g3 Bg7 4. d3 d5 5. Bg2 O-O 6. O-O Nc6 7. Ne5 Nxe5 8. fxe5 Ne8 9. d4 Bf5 10. Nc3 e6 11. e4 dxe4 12. Nxe4 Bxe4 13. Bxe4 c6 14. c3 Qd7 15. Qe2 Nc7 16. Bg5 Nd5 17. Rf2 f5 18. exf6 Nxf6 19. Bc2 Nd5 20. Raf1 Rxf2 21. Rxf2 Rf8 22.
Rxf8+ Kxf8 23. Qf3+ Ke8 24. h4 Qf7 25. Kg2 Qxf3+ 26.
Kxf3 e5 27. dxe5 Bxe5 28. h5 Kf7 29. hxg6+ hxg6 30. Bd2 Kf6 31. Be4 Ne7 32. a4 Nc8 33. a5 a6 34. g4 Nd6 35. Bd3 g5 36. Be3 Ne8 37. Bc5 Bc7 38. b4 Be5 39. Bf5 Bxc3 40.
Bc8 Nc7 41. Bxb7 Nd5 42. Bxa6 Nxb4 43. Bc4 Nd5 44. Bxd5 Bxa5 45. Bd4+ Kg6 46. Bxc6 Bd8 47. Be4+ Kh6 48. Ke2 Bc7 49. Kd3 Bf4 50. Kc4 Bc1 51. Kd5 Bd2 52. Ke6 Bb4 53. Be3 Bc3 54. Kf5 Kg7 55.
Bxg5 Bb4 56. Bf4 Be7 57. Be5+ Kh7 58. g5 Kg8 59. g6 Bf8 60. Bd5# 1-0

[Event "Late-Titled-Tuesday-Blitz-February-27-2024"]
[Site "Chess.com"]
[Date "2024.02.27"]
[Round "8"]
[White "Rawnsdale"]
[Black "ElVital"]
[Result "1-0"]
[WhiteElo "2512"]
[BlackElo "2359"]
[TimeControl "180+1"]
[EndTime "15:28:31 PST"]
[Termination "Rawnsdale won by checkmate"]

1. e4 c5 2. Nf3 d6 3. d4 cxd4 4.
Nxd4 Nf6 5. Nc3 g6 6. Bg5 Bg7 7. Qd2 h6 8. Bh4 g5 9. Bg3 Nh5 10. O-O-O Nxg3 11. hxg3 Nc6 12. Nb3 Be6 13. Kb1 Rc8 14.
f4 Na5 15. Nd5 Nc4 16. Bxc4 Rxc4 17. fxg5 Rxe4 18. gxh6 Be5 19. Nf4 Bf5 20. Rh5 Bh7 21. Nc5 Rc4 22. Ncd3 Qb6 23. b3 Bc3 24. Qe2 Rd4 25.
Nd5 Rxd5 26. Rxd5 Bf6 27. Nf4 Qc6 28. Rxd6 Qxc2+ 29. Qxc2 Bxc2+ 30. Kxc2 exd6 31. Rxd6 Be5 32. Rd5 f6 33. Ng6 Rxh6 34. Nxe5 fxe5 35. Rxe5+ Kd7 36. Re2 Rg6 37. Re3 b5 38. Kd3 b4 39. Ke4 Ra6 40. Re2 Ke6 41. Kd4+ Kd6 42. Kc4 Rb6 43. Rf2 Ke5 44.
Rf8 a5 45. Rc8 Kd6 46. Rg8 Rb7 47. Rg6+ Ke5 48. Rg5+ Ke4 49. Rxa5 Rb6 50. Rb5 Ra6 51. Rxb4 Rxa2 52. Kc5+ Ke5 53. Rc4 Ra5+ 54. Kc6 Ra8 55. b4 Rc8+ 56. Kb5 Rb8+ 57. Ka4 Ra8+ 58. Kb3 Kd5 59.
Rc5+ Kd6 60. Kc4 Ra1 61. Rg5 Rc1+ 62. Kb5 Kc7 63. Rg7+ Kb8 64. Kb6 Re1 65. Rg8+ Re8 66. Rxe8# 1-0

[Event "Late-Titled-Tuesday-Blitz-February-27-2024"]
[Site "Chess.com"]
[Date "2024.02.27"]
[Round "8"]
[White "kalxandria"]
[Black "pfalcon1949"]
[Result "1-0"]
[WhiteElo "2157"]
[BlackElo "1908"]
[TimeControl "180+1"]
[EndTime "15:28:34 PST"]
[Termination "kalxandria won by checkmate"]

1. e4 e6 2. d4 d5 3. exd5 exd5 4. Bd3 c5 5. c3 c4 6. Bc2 Nf6 7. Nf3 Bd6 8. O-O O-O 9. h3 Nc6 10. Bg5 h6 11. Bh4 Be6 12. Nbd2 b5 13. a4 a6 14.
axb5 axb5 15. Rxa8 Qxa8 16. Bxf6 gxf6 17. Bb1 Kg7 18.
Nh4 b4 19. Qh5 Qc8 20. Nf5+ Bxf5 21. Bxf5 Qc7 22. f4 Bxf4 23. Qg4+ Bg5 24. h4 h5 25.
Qxh5 Rh8 26. Qf3 Rxh4 27. g3 Rh6 28. Rf2 Ne7 29. Bb1 b3 30. Nf1 Qd6 31. Ne3 Qe6 32.
Re2 Qh3 33. Qg2 Bxe3+ 34. Rxe3 Qxg2+ 35. Kxg2 Kf8 36. g4 Rh4 37. Rg3 Ng6 38. Kf3 Rh1 39. Bf5 Rf1+ 40. Ke3 Nf4 41. Rf3 Rxf3+ 42. Kxf3 Ne6 43.
Ke3 Ke7 44. Bb1 Kd6 45. Kf3 Ng5+ 46. Kf4 Nh3+ 47. Kf5 Ke7 48. g5 Nxg5 49. Kg4 Kd6 50. Kf5 Ne4 51. Bxe4 dxe4 52. Kxe4 Ke6 53. Kf4 f5 54.
Kf3 f6 55. Kf4 Ke7 56. Kxf5 Kf7 57. d5 Ke7 58. d6+ Kxd6 59. Kxf6 Kd5 60. Kf5 Kd6 61. Ke4 Kc5 62. Ke5 Kb5 63. Kd5 Ka4 64. Kxc4 Ka5 65. Kxb3 Kb6 66. Kb4 Kc6 67. c4 Kb6 68. c5+ Kc6 69. Kc4 Kc7 70. b4 Kc6 71. b5+ Kc7 72. Kd5 Kc8 73. c6 Kc7 74. Kc5 Kc8 75. b6 Kb8 76. Kd6 Kc8 77. c7 Kb7 78. Kd7 Kxb6 79.
c8=Q Kb5 80. Qc6+ Kb4 81. Kd6 Kb3 82. Kd5 Kb2 83. Qc5 Kb1 84. Qc3 Ka2 85. Qb4 Ka1 86. Kd4 Ka2 87. Kd3 Ka1 88. Kc2 Ka2 89. Qb2# 1-0

[Event "Late-Titled-Tuesday-Blitz-February-27-2024"]
[Site "Chess.com"]
[Date "2024.02.27"]
[Round "8"]
[White "Inepton_Fermion"]
[Black "Zavgorodniy_Sergiy"]
[Result "1/2-1/2"]
[WhiteElo "2462"]
[BlackElo "2622"]
[TimeControl "180+1"]
[EndTime "15:28:35 PST"]
[Termination "Game drawn - insufficient material"]

1. d4 d5 2. Nc3 Nf6 3. Bg5 Nbd7 4.
Nf3 e6 5. e4 dxe4 6. Nxe4 b6 7.
Bb5 Bb7 8. Ne5 Bxe4 9. Bxd7+ Ke7 10. Bc6 h6 11. Bxe4 Qd6 12. Bxf6+ gxf6 13. Bxa8 fxe5 14. dxe5 Qxe5+ 15. Qe2 Qxb2 16. O-O Bg7 17. Rad1 Rxa8 18. Qd3 Qxa2 19. Qd7+ Kf8 20. Qxc7 Kg8 21. Rd7 Rf8 22. Qxa7 Qxc2 23. Qxb6 Qc4 24. Qc7 Qg4 25. Rd8 Qf5 26. Rxf8+ Bxf8 27. Qg3+ Kh7 28. h3 h5 29. Rd1 Be7 30. Qd3 Qxd3 31. Rxd3 Kg6 32. g3 h4 33.
g4 f5 34. Kg2 fxg4 35. hxg4 Kg5 36. Kh3 Bc5 37. Rd2 e5 38. f3 Bd4 39. Ra2 Kf4 40.
Ra3 Kg5 41. Rb3 Bf2 42. Rb8 Kg6 43. Rf8 Bg3 44. Rf5 Kh6 45. Rh5+ Kg6 46. Kg2 Bf4 47. Kf1 Bg3 48. Ke2 Kf6 49. Kd3 Kg6 50. Ke4 Kf6 51. Kd5 Kg7 52. Ke6 Kg6 53. Kd5 Kf7 54. Ke4 Kg6 55.
Kd3 Kf6 56. Ke2 Kg6 57. Kf1 Kf6 58. Kg2 Kg6 59. Kh3 Kf6 60. Rxh4 Bxh4 61. Kxh4 Kg6 62.
Kh3 Kf6 63. Kg3 Kg5 64. Kf2 e4 65. fxe4 Kf4 66. Kg2 Kxg4 67. Kf2 Kf4 68. Ke2 Kxe4 1/2-1/2

[Event "Late-Titled-Tuesday-Blitz-February-27-2024"]
[Site "Chess.com"]
[Date "2024.02.27"]
[Round "8"]
[White "Baronessa08"]
[Black "PepeCuenca"]
[Result "1-0"]
[WhiteElo "2541"]
[BlackElo "2695"]
[TimeControl "180+1"]
[EndTime "15:28:36 PST"]
[Termination "Baronessa08 won on time"]

1. Nf3 Nf6 2. g3 g6 3. c4 Bg7 4.
d4 O-O 5. Bg2 d6 6. O-O Nc6 7.
d5 Na5 8. Nfd2 c5 9. Nc3 a6 10. Qc2 b5 11. cxb5 axb5 12. Nxb5 Bf5 13. e4 Bc8 14. a4 Ba6 15. Re1 Nd7 16. Rb1 Qb6 17.
Bf1 Rfc8 18. b3 Ne5 19. Kg2 e6 20. Nc4 Nexc4 21. bxc4 Qd8 22. Bb2 Bxb2 23. Rxb2 e5 24. Reb1 Qe7 25. Na3 Qc7 26. Rb6 Rcb8 27. Qb2 Rb7 28.
Rxb7 Nxb7 29. Qb6 Qxb6 30. Rxb6 Kf8 31. f4 f6 32. fxe5 fxe5 33. Be2 Ke7 34. Nb5 Kd8 35.
Nxd6 Kc7 36. Rc6+ Kd7 37. Nb5 Bxb5 38. axb5 Ra2 39. Kf1 Nd6 40. Bg4+ Ke7 41. Rc7+ Kf6 42. Rc6 Ke7 43. b6 Rb2 44. Be6 Nxe4 45. Rc7+ Kf6 46.
b7 Nd2+ 47. Ke1 Nxc4 48. Bc8 Nd6 49. Rd7 Nxb7 50. Bxb7 e4 51. Bc6 Ke5 52. Re7+ Kd4 53. d6 Rb1+ 54. Ke2 Rb2+ 55. Kd1 e3 56. d7 Rd2+ 57. Kc1 Kc4 58. Rxe3 Rd6 59. Re8 Rxc6 60.
d8=Q Kb4 61. Qh4+ c4 62. Qd4 Rc5 63. Rb8+ Rb5 64. Rxb5+ Kxb5 65. Kc2 Kc6 66. Kc3 1-0

[Event "Late-Titled-Tuesday-Blitz-February-27-2024"]
[Site "Chess.com"]
[Date "2024.02.27"]
[Round "8"]
[White "VitorBronson"]
[Black "chessydotcom"]
[Result "0-1"]
[WhiteElo "2482"]
[BlackElo "2332"]
[TimeControl "180+1"]
[EndTime "15:28:38 PST"]
[Termination "chessydotcom won by checkmate"]

1. d4 d5 2. c4 e6 3. Nf3 c5 4.
cxd5 exd5 5. g3 Nc6 6. Bg2 Nf6 7.
O-O Bd6 8. dxc5 Bxc5 9. Qc2 Bb6 10. Rd1 O-O 11. Bg5 Be6 12. Nc3 h6 13. Bf4 Rc8 14. Rac1 Ng4 15. Rf1 d4 16. Na4 Nb4 17. Qd1 Rxc1 18. Bxc1 Nxa2 19. Nxb6 Nxc1 20. Qxc1 Qxb6 21.
h4 Rc8 22. Qf4 Qxb2 23. Nxd4 Nf6 24. Nxe6 fxe6 25. Qe3 Qb6 26. Qxb6 axb6 27. Bxb7 Rb8 28. Bc6 b5 29. Rb1 b4 30. Rb3 Kf7 31. e4 Ke7 32. e5 Nd7 33. f4 Nc5 34. Rb1 Rb6 35.
Bf3 b3 36. Kf2 b2 37. Ke3 Rb3+ 38. Kf2 Na4 39. Bd1 Nc3 40. Bxb3 Nxb1 41. Bc2 Na3 42.
Be4 b1=Q 43. Bxb1 Nxb1 44. Ke3 Nc3 45. g4 Kf7 46. h5 g6 47. hxg6+ Kxg6 48. Kd4 Ne2+ 49.
Ke3 Nc3 50. Kd4 Nd5 51. Ke4 Ne7 52. Kf3 h5 53. g5 Kf5 54. Kg3 Ng6 55. Kh3 Nxf4+ 56.
Kh4 Ng6+ 57. Kxh5 Nxe5 58. Kh6 Ng6 59. Kh5 e5 60. Kh6 e4 61. Kh5 e3 62. Kh6 e2 63.
Kg7 e1=Q 64. Kg8 Kxg5 65. Kf7 Qe7+ 66. Kg8 Qf8+ 67. Kh7 Qh8# 0-1

[Event "Late-Titled-Tuesday-Blitz-February-27-2024"]
[Site "Chess.com"]
[Date "2024.02.27"]
[Round "8"]
[White "lluiss"]
[Black "gxbg2000"]
[Result "1/2-1/2"]
[WhiteElo "2133"]
[BlackElo "1940"]
[TimeControl "180+1"]
[EndTime "15:28:39 PST"]
[Termination "Game drawn by repetition"]

1. e4 e5 2. Nf3 Nc6 3. Bb5 d6 4.
d4 exd4 5. Nxd4 Bd7 6. Bxc6 bxc6 7. O-O c5 8. Ne2 Be7 9. Nbc3 Nf6 10. Ng3 O-O 11.
h3 Re8 12. Re1 Qc8 13. Nd5 Nxd5 14. exd5 Bf6 15. Rxe8+ Qxe8 16. c3 Qe5 17. Be3 Re8 18. Qd2 Qe7 19. Nh5 Be5 20. Bg5 f6 21. Be3 Qf7 22.
Nf4 g5 23. Nd3 g4 24. hxg4 Qxd5 25. Nxe5 Qxd2 26. Bxd2 fxe5 27. g5 a5 28. b3 a4 29.
bxa4 Bxa4 30. Rb1 Bc6 31. Rb2 Kf7 32. f3 Ke6 33. Kf2 Kd5 34. Ke3 Kc4 35. Rb1 Ra8 36. Rh1 Rxa2 37. Rxh7 e4 38. Rxc7 exf3 39. gxf3 Bd5 40.
g6 Ra1 41. g7 Rg1 42. Kf4 Kd3 43. Be3 Rg2 44. Rd7 Kxc3 45. Rxd6 Kc4 46. Rf6 Rxg7 47. Rf8 Re7 48. Rf6 Kd3 49. Bc1 c4 50. Rd6 Kd4 51. Bb2+ Kc5 52. Ba3+ Kd4 53. Bb2+ c3 54. Bxc3+ Kc5 55. Rd8 Rc7 56. Be5 Rc6 57. Kg3 Kb4 58.
Bf4 Rc3 59. Rb8+ Kc4 60. Be5 Rxf3+ 61. Kg4 Re3 62. Rc8+ Kd3 63. Bf4 Re4 64. Kf5 Re1 65. Rd8 Kc4 66. Rc8+ Kd3 67. Rd8 Kc4 68. Rc8+ Kb5 69. Rb8+ Kc6 70. Rd8 Bc4 71. Rd6+ Kc5 72. Rd8 Kb4 73. Rc8 Kb3 74. Rb8+ Kc2 75. Rc8 Kd3 76.
Rd8+ Kc2 77. Rc8 Kd3 78. Rd8+ Kc2 79. Rd2+ Kc3 80. Rd8 Kc2 1/2-1/2

[Event "Late-Titled-Tuesday-Blitz-February-27-2024"]
[Site "Chess.com"]
[Date "2024.02.27"]
[Round "8"]
[White "GHANDEEVAM2003"]
[Black "platy3"]
[Result "1-0"]
[WhiteElo "3060"]
[BlackElo "2951"]
[TimeControl "180+1"]
[EndTime "15:28:41 PST"]
[Termination "GHANDEEVAM2003 won by checkmate"]

1. c4 Nf6 2. Nc3 e5 3. Nf3 Nc6 4. d3 Bb4 5. Bd2 O-O 6. g3 Bxc3 7. Bxc3 e4 8. Nd4 Re8 9. e3 Ne5 10. Qc2 d5 11. dxe4 dxe4 12. O-O-O Bg4 13. Rd2 Qe7 14. h3 Bd7 15. g4 c5 16. Nb5 Bc6 17. Be2 a6 18.
Bxe5 Qxe5 19. Nd6 Red8 20. Rhd1 Rd7 21. h4 Rad8 22. Nf5 h5 23. Ng3 hxg4 24. Rxd7 Rxd7 25.
Rd2 g6 26. Qd1 Kg7 27. a3 b5 28. Qb3 Rxd2 29. Kxd2 Qd6+ 30. Ke1 b4 31. axb4 cxb4 32. Qc2 a5 33. b3 Qe5 34. Qd1 a4 35. bxa4 b3 36.
Qxb3 Qa1+ 37. Bd1 Nd7 38. Ne2 Kh7 39. Qc3 Qb1 40. Qc1 Qb4+ 41. Qc3 Qb1 42. Qc2 Qb4+ 43. Kf1 Qe7 44. Nd4 Bb7 45. Bxg4 Ne5 46. Be2 Qxh4 47. Ke1 Qh1+ 48. Kd2 Qa1 49. Qb3 Bc8 50. c5 Kg7 51. c6 g5 52. Bd1 f6 53. Qc3 Qa2+ 54. Bc2 Nc4+ 55. Ke1 Ne5 56. Bxe4 Ba6 57. Bc2 Qd5 58. c7 Qh1+ 59. Kd2 Qf1 60. c8=Q Qxf2+ 61. Kc1 Bxc8 62. Qc7+ Kg8 63. Qxc8+ Kf7 64. Qe6+ Kg7 65. Nf5+ Kf8 66. Qxf6+ Ke8 67. Qe7# 1-0

[Event "Late-Titled-Tuesday-Blitz-February-27-2024"]
[Site "Chess.com"]
[Date "2024.02.27"]
[Round "8"]
[White "FernandoArauzAlonso"]
[Black "TheMagician"]
[Result "1-0"]
[WhiteElo "2561"]
[BlackElo "2162"]
[TimeControl "180+1"]
[EndTime "15:28:42 PST"]
[Termination "FernandoArauzAlonso won on time"]

1. Nf3 d5 2. g3 c6 3. Bg2 h6 4. O-O Bf5 5. d3 Nf6 6. b3 e6 7. Bb2 Be7 8. Nbd2 O-O 9. Qe1 a5 10. e4 Bh7 11. a4 Na6 12. Qe2 Nb4 13. Rac1 Na2 14. Ra1 Nb4 15. Rfc1 Re8 16. h4 Nd7 17. Ne1 Bf6 18. e5 Be7 19. f4 f6 20. d4 fxe5 21. dxe5 Nc5 22. Bd4 Qd7 23. Qe3 Nba6 24. h5 Rf8 25. Nef3 Ne4 26. Nh4 Nxd2 27. Qxd2 Bxh4 28. gxh4 Qf7 29. Rf1 Qxh5 30. Qf2 Rf7 31. Qg3 Qg6 32.
Kh2 Qxg3+ 33. Kxg3 Raf8 34. Bb6 Nb4 35. c3 Nd3 36. Be3 g5 37. hxg5 hxg5 38. fxg5 Rxf1 39. Rxf1 Rxf1 40. Bxf1 Nxe5 41. Bb6 Bc2 42. b4 Bxa4 43. bxa5 Nc4 44. Bc7 e5 45. Bxc4 dxc4 46. Bxe5 Kf7 47. Kf4 Kg6 48. Bc7 Bb5 49. Bd8 Ba6 50. Ke5 Bb5 51.
Kd6 Ba6 52. Bf6 Kf7 53. Kc5 Kg6 54. Kb6 Kf7 55. Kc7 Kg6 56. Kd6 Kf7 57. Ke5 Bb5 58. Kf4 c5 59. Kf5 Bd7+ 60. Kf4 Kg6 61. Ke5 Bb5 62. Kd6 Bc6 63. Kxc5 Bd7 64. Kxc4 Bc6 65. Kc5 Be4 66. c4 Kf7 67. Kd6 1-0